 Dungeon Crawl Stone Soup version 0.26-a0-597-gb535b0901c (webtiles) character file.

Game seed: 13897836112003376008

808 Inarius the Ruffian (level 7, 0/67 HPs)
             Began as a Troll Chaos Knight on Sept 14, 2020.
             Was a Plaything of Xom.
             Succumbed to Edmund's poison
             ... on level 4 of the Dungeon.
             The game lasted 00:04:18 (2464 turns).

Inarius the Ruffian (Troll Chaos Knight)            Turns: 2464, Time: 00:04:19

Health: 0/67       AC:  8    Str: 23    XL:     7   Next: 60%
Magic:  6/6        EV: 10    Int:  8    God:    Xom [.*....]
Gold:   155        SH:  0    Dex:  9    Spells: 6/6 levels left

rFire    . . .     SeeInvis .     - Unarmed
rCold    . . .     Faith    .   (no shield)
rNeg     . . .     Spirit   .   a - +2 robe
rPois    .         Reflect  .   (helmet restricted)
rElec    .         Harm     .   (no cloak)
rCorr    .                      (gloves unavailable)
MR       .....                  (boots unavailable)
Stlth    +.........             m - amulet of inaccuracy (curse)
HPRegen  0.61/turn              (no ring)
MPRegen  0.10/turn              (no ring)

@: lethally poisoned (0 -> -5), berserk cooldown, slowed, very slow
A: large, unfitting armour, claws 3, regeneration 1, shaggy fur 1, tough skin 3
a: Renounce Religion


You were on level 4 of the Dungeon.
You worshipped Xom.
You were a plaything of Xom.
You visited 1 branch of the dungeon, and saw 4 of its levels.

You collected 155 gold pieces.

Inventory:

Armour
 a - a +2 robe (worn)
Jewellery
 m - a cursed amulet of inaccuracy (around neck)
Wands
 j - a wand of polymorph (7)
Scrolls
 b - a scroll of enchant armour
 c - a scroll of fear
 h - 4 scrolls of teleportation
Potions
 k - a potion of flight


   Skills:
 + Level 3.1 Fighting
 + Level 3.3 Dodging
 - Level 0.1 Stealth
 * Level 7.9 Unarmed Combat
 * Level 0.8 Evocations


You had 6 spell levels left.
You didn't know any spells.
Your spell library was empty.

Dungeon Overview and Level Annotations

Branches:
Dungeon (4/15)
 Temple: D:4-7

Altars:
Ashenzari
Elyvilon
Makhleb
Nemelex Xobeh
Sif Muna
Xom
The Shining One


Innate Abilities, Weirdness & Mutations

You are too large for most types of armour.
You have claws for hands.
Your natural rate of healing is unusually fast.
You are covered in fur. (AC +1)
You have extremely tough skin. (AC +3)


Message History

There is a lethal amount of poison in your body!
* * * LOW HITPOINT WARNING * * *
You feel sick.
You feel a strong urge to attack something.
* * * LOW HITPOINT WARNING * * *
You feel sick.
You are too berserk!
* * * LOW HITPOINT WARNING * * *
You feel sick.
Things that are here:
a +2 dire flail of venom; a +0 chain mail You feel your anger nearly subside.
You are no longer berserk.
You are exhausted.
You feel yourself slow down.
* * * LOW HITPOINT WARNING * * *
You feel sick.
* * * LOW HITPOINT WARNING * * *
You feel sick.
You die...
Xom howls with laughter!

*,,,,,,,........#.....#.....#...#
+,,,,,,,........#.....#.....#...#
*,,,,,,,........#.....#.....#...#
*,,,,,,,........#.....#.....#...#
*,,,,,,,........'.....#.....#....
*********##+###.##+####....[#....
,,,,,,,,,,,,,,#.##....#.....#....
,,,,,,,,,,,,,,#.......#,,,,,#....
,,,,,,,,,,,,,,#.@.....#,,,,,#####
,,,,,,,,,,,,,,#.......#,,,,,,,,,,
,,,,,,,,,,,,,,#.......#,,,,,,,,,,
,,,,,,,,,,,,,,#####)..#,,,,,,,,,,
+********,,,,,,,,,#...#,,,,,,,,,,
,,,,,,,,*,,,,,,,,,#...#,,,,,,,,,,
,,,,,,,,*,,,,,,,,,#..>#,,,,,,,,,,
,,,,,,,,*,,,,,,,,,#...#,,,,,,,,,,
*********,,,,,,,,,#####,,,,,,,,,,


There were no monsters in sight!

Vanquished Creatures
  Grinder (D:3)
  Sigmund (D:2)
  Edmund (D:4)
  2 orc wizards (D:4)
  Ijyb (D:3)
  Terence (D:3)
  Jessica (D:3)
  3 gnolls (D:3)
  9 adders
  An ooze (D:1)
  A worm (D:4)
  A dart slug (D:2)
  4 leopard geckos
  4 orcs
  3 giant cockroaches
  8 hobgoblins
  4 jackals (D:3)
  3 ball pythons
  6 bats
  6 frilled lizards
  6 goblins
  7 kobolds
  5 rats
79 creatures vanquished.

Notes
Turn   | Place    | Note
-------+----------+-------------------------------------------
     0 | D:1      | Inarius the Troll Chaos Knight began the quest for the Orb.
     0 | D:1      | Reached XP level 1. HP: 22/22 MP: 0/0
   156 | D:1      | XOM: silly message
   162 | D:1      | Reached XP level 2. HP: 29/29 MP: 1/1
   230 | D:1      | XOM: divination: detect items
   599 | D:2      | XOM: confuse monster(s)
   616 | D:2      | Reached XP level 3. HP: 36/36 MP: 2/2
   763 | D:2      | Reached skill level 4 in Unarmed Combat
   857 | D:2      | XOM: noise
   860 | D:2      | Reached XP level 4. HP: 42/44 MP: 3/3
   891 | D:2      | Found a glowing golden altar of the Shining One.
   891 | D:2      | Found a shimmering blue altar of Sif Muna.
   897 | D:2      | Found a white marble altar of Elyvilon.
   898 | D:2      | Found a burning altar of Makhleb.
   901 | D:2      | Found a shattered altar of Ashenzari.
   903 | D:2      | Found a shimmering altar of Xom.
   954 | D:2      | Noticed Sigmund
   966 | D:2      | Killed Sigmund
   966 | D:2      | Reached skill level 5 in Unarmed Combat
   966 | D:2      | Reached XP level 5. HP: 53/53 MP: 4/4
  1242 | D:2      | You fall into a shaft and drop 2 floors!
  1305 | D:4      | XOM: 1-stop teleportation journey
  1349 | D:3      | Reached XP level 6. HP: 48/61 MP: 5/5
  1553 | D:3      | Noticed Terence
  1564 | D:3      | Noticed Grinder
  1565 | D:3      | Killed Terence
  1565 | D:3      | Reached skill level 6 in Unarmed Combat
  1575 | D:3      | Killed Grinder
  1621 | D:3      | XOM: cloud trail
  1710 | D:3      | Reached skill level 7 in Unarmed Combat
  1710 | D:3      | Reached XP level 7. HP: 67/67 MP: 6/6
  1848 | D:3      | Noticed Jessica
  1863 | D:3      | XOM: confusion (+ monsters)
  1884 | D:3      | Killed Jessica
  1890 | D:3      | XOM: noise
  1903 | D:3      | Noticed Ijyb
  1918 | D:3      | XOM: cast spell 'Summon Ice Beast'
  1947 | D:3      | Killed Ijyb
  2329 | D:4      | Found a sparkling altar of Nemelex Xobeh.
  2444 | D:4      | Noticed Edmund
  2444 | D:4      | XOM: cast spell 'Alistair's Intoxication'
  2447 | D:4      | XOM: cast spell 'Metabolic Englaciation'
  2458 | D:4      | Killed Edmund
  2458 | D:4      | HP: 5/100 [poisoned by Edmund]
  2462 | D:4      | HP: 2/67 [poisoned by Edmund]
  2464 | D:4      | Succumbed to Edmund's poison

Illustrated notes

Levels and vault maps discovered:
D:1:      mrwooster_arrival_statue, layout_loops_cross
D:2:      layout_basic, minitemple, uniq_sigmund
D:3:      wander_river, layout_rooms, glass_columns_b, uniq_grinder,
          uniq_jessica, uniq_ijyb, uniq_terence
D:4:      layout_gridville, nemelex_xobeh_ov_fountains_minmay, st_stairs_3,
          uniq_blork_the_orc, uniq_edmund

Skill      XL: |  1  2  3  4  5  6 |
---------------+-------------------+-----
Dodging        | 2 3 |  3.3
Unarmed Combat | 4 5 7 |  7.9
Fighting       | 3 |  3.1
Stealth        | |  0.1
Evocations     | |  0.8

Action                   |  1- 3 |  4- 6 |  7- 9 || total
-------------------------+-------+-------+-------++-------
Melee: Unarmed           |    69 |    49 |    65 ||   183
       Punch             |     3 |     2 |     3 ||     8
  Use: Potion            |       |     3 |     2 ||     5
       Scroll            |       |       |     6 ||     6
Armor: Robe              |    35 |    19 |    21 ||    75
       Skin              |       |     3 |       ||     3
Dodge: Dodged            |    43 |    26 |    23 ||    92

Table legend: (Time is in decaauts)
 A = Elapsed time spent in this place.
 B = Non-inter-level travel time spent in this place.
 C = Inter-level travel time spent in this place.
 D = Time resting spent in this place.
 E = Time spent auto-exploring this place.
 F = Levels seen in this place.
 G = Mean time per level.
                   A        B        C        D        E       F      G
               +--------+--------+--------+--------+--------+-----+--------+
         Total |   2462 |   2386 |     76 |     67 |   1723 |   4 |  615.5 |
       Dungeon |   2462 |   2386 |     76 |     67 |   1723 |   4 |  615.5 |
               +--------+--------+--------+--------+--------+-----+--------+

Top non-repeatable levels by time:
     D:2: 830 daAuts
     D:3: 726 daAuts
     D:1: 592 daAuts
     D:4: 313 daAuts
